 Dungeon Crawl Stone Soup version 0.30-a0-600-gb7c8574cbb (webtiles) character file.

Game seed: 9474475954254861503

517 M4edhros the Charlatan (level 7, 0/45 HPs)
             Began as an Octopode Artificer on Jan 7, 2023.
             Succumbed to a water moccasin's poison
             ... on level 7 of the Dungeon.
             The game lasted 00:04:50 (1536 turns).

M4edhros the Charlatan (Octopode Artificer)         Turns: 1536, Time: 00:04:50

Health: 0/45       AC:  1    Str:  8 (11) XL:     7   Next: 20%
Magic:  4/8        EV: 13    Int: 12 (14) God:
Gold:   70         SH:  3    Dex: 11 (14) Spells: 8/8 levels left

rFire   + . .      SeeInvis .    r - +4 dagger (venom)
rCold   + . .      Faith    .    g - +0 buckler
rNeg    . . .      Spirit   +    (helmet restricted)
rPois   +          Reflect  .    m - amulet of guardian spirit
rElec   +          Harm     .    (no ring)
rCorr   +          Rampage  .    (no ring)
Will    .....                    (no ring)
Stlth   +++                      (no ring)
HPRegen 0.27/turn                (no ring)
MPRegen 0.11/turn                (no ring)
                                 (no ring)
                                 (no ring)

@: mighty, lethally poisoned (0 -> -6), resistant, hasted, very quick
A: almost no armour, amphibious, 8 rings, camouflage 1, gelatinous body 1,
(nimble swimmer 1), tentacles, antennae 1, evolution 1
a: no special abilities


You were on level 7 of the Dungeon.
You visited 1 branch of the dungeon, and saw 7 of its levels.

You collected 70 gold pieces.

Inventory:

Hand Weapons
 n - a +1 short sword of electrocution
 r - a +4 dagger of venom (weapon)
Missiles
 k - a throwing net
Armour
 g - a +0 buckler (worn)
Jewellery
 m - an amulet of guardian spirit (around mantle)
 s - an amulet of faith
Wands
 b - a wand of flame (9) (quivered)
 c - a wand of charming (10)
 d - a wand of iceblast (3)
Scrolls
 a - 2 scrolls of noise {unknown}
 j - a scroll of poison
Potions
 f - a potion of haste


   Skills:
 + Level 2.9 Fighting
 * Level 2.9 Short Blades
 + Level 3.7 Dodging
 - Level 3.4 Stealth
 + Level 1.3 Shields
 - Level 2.5 Unarmed Combat
 + Level 1.2 Spellcasting
 - Level 4.2 Evocations


You had 8 spell levels left.
You didn't know any spells.
Your spell library contained the following spells:

 Spells                   Type           Power      Damage    Failure   Level
 Leda's Liquefaction      Hex/Erth       0%         N/A       98%         4
 Lee's Rapid Deconstruct  Erth           0%         3d4*      100%        5
 Statue Form              Tmut/Erth      0%         N/A       100%        6


Dungeon Overview and Level Annotations

Branches:
Dungeon (7/15)
 Temple: D:4-7

Altars:
Wu Jian

Shops:
D:1 :


Innate Abilities, Weirdness & Mutations

You cannot wear most types of armour.
You are amphibious.
You can wear up to eight rings at the same time.
Your skin changes colour to match your surroundings (Stealth+).
Your rubbery body absorbs attacks. (AC +1, EV +1)
((You are camouflaged when in or above water. (Stealth+)))
You have tentacles for arms and can constrict up to eight enemies at once.
You have a pair of small antennae on your head.
You have hidden genetic potential.


Message History

You feel very sick. The water moccasin misses you.
The water moccasin barely misses you.
Aiming: Charm
Press: ? - help, Shift-Dir - straight line, f/p - water moccasin
Aim: a water moccasin (chance to affect: 60%)
The water moccasin resists with significant effort.
You feel very sick. The water moccasin bites you!
You are lethally poisoned!
The water moccasin poisons you!
Aiming: Charm
Press: ? - help, Shift-Dir - straight line, f/p - water moccasin
Aim: a water moccasin (chance to affect: 60%)
The water moccasin resists with significant effort.
* * * LOW HITPOINT WARNING * * *
You feel very sick. You block the water moccasin's attack.
The water moccasin closely misses you.
It was a potion of haste.
You feel yourself speed up.
* * * LOW HITPOINT WARNING * * *
You feel very sick. The water moccasin bites you.
* * * LOW HITPOINT WARNING * * *
It was a potion of resistance.
You feel protected.
* * * LOW HITPOINT WARNING * * *
You feel sick. You block the water moccasin's attack.
It was a potion of mutation.
You feel extremely strange.
You feel a hidden potential growing inside you.
A pair of antennae grows on your head!
* * * LOW HITPOINT WARNING * * *
You feel sick. The water moccasin bites you.
* * * LOW HITPOINT WARNING * * *
It was a potion of degeneration.
There was something very wrong with that liquid.
You feel weakened.
You feel dopey.
You feel clumsy.
* * * LOW HITPOINT WARNING * * *
You feel sick. The water moccasin misses you.
It was a potion of might.
You feel very mighty all of a sudden.
You die...

§§§
..######§##
.......§§.#
########§.#
#...S@§§.#
#.######§#
#...§§#
....#§#.#
## #§# #§#
###


You could see a water moccasin.

Vanquished Creatures
  An ogre (D:5)
  An ice beast (D:5)
  A necrophage (D:5)
  A scorpion (D:5)
  2 iguanas (D:5)
  3 orc wizards
  6 gnolls
  5 adders
  A white imp (D:5)
  An ufetubus (D:5)
  A dart slug (D:1)
  8 orcs
  10 ball pythons
  2 bats (D:2)
  An endoplasm (D:1)
  2 giant cockroaches
  3 goblins
  5 hobgoblins
  A quokka (D:1)
  A frilled lizard (D:1)
  3 kobolds
  2 rats
61 creatures vanquished.

Vanquished Creatures (others)
  A gnoll (D:3)
1 creature vanquished.

Grand Total: 62 creatures vanquished

Notes
Turn   | Place    | Note
-------+----------+-------------------------------------------
     0 | D:1      | M4edhros the Octopode Artificer began the quest for the
                  | Orb.
     0 | D:1      | Reached XP level 1. HP: 13/13 MP: 1/1
    66 | D:1      | Reached XP level 2. HP: 18/18 MP: 2/2
    86 | D:1      | Found Cuusuvum's Book Shop.
   106 | D:1      | Reached skill level 1 in Unarmed Combat
   199 | D:2      | Found an ornate altar of the Wu Jian Council.
   323 | D:2      | Reached XP level 3. HP: 23/23 MP: 3/3
   731 | D:2      | Reached XP level 4. HP: 20/28 MP: 4/4
   849 | D:4      | Reached XP level 5. HP: 27/34 MP: 5/5
   908 | D:4      | Reached skill level 4 in Evocations
   969 | D:5      | Entered Level 5 of the Dungeon
  1033 | D:5      | Reached skill level 1 in Short Blades
  1140 | D:5      | Reached XP level 6. HP: 40/40 MP: 6/6
  1151 | D:5      | 1147 statu
  1318 | D:5      | Noticed an ice beast
  1361 | D:5      | Reached skill level 1 in Shields
  1361 | D:5      | Reached skill level 1 in Spellcasting
  1361 | D:5      | Reached XP level 7. HP: 45/45 MP: 8/8
  1534 | D:7      | Gained mutation: You have hidden genetic potential. [potion
                  | of mutation]
  1534 | D:7      | Gained mutation: You have a pair of small antennae on your
                  | head. [potion of mutation]
  1535 | D:7      | HP: 1/45 [poisoned by a water moccasin]
  1536 | D:7      | Succumbed to a water moccasin's poison

Illustrated notes

#. ... #.#
###### #.###
.....# #.#.
#...# #.##..
#...#
#....###...##
.##.#@......#
#.<.....[.....#
..#####.......#
####...## #..#
#...# #..#
#...# #..#
##..# #..# #..#
##..#
#######..###


Turn 1151 on D:5: 1147 statu

Levels and vault maps discovered:
D:1:      dpeg_arrival_ratfight, layout_rooms, serial_shops, shop
D:2:      layout_loops_corners, basic_altar, serial_forest,
          infiniplex_forest_straight_4, infiniplex_forest_lined_2,
          infiniplex_forest_fountain, infiniplex_forest_lined_corner,
          infiniplex_forest_lined_room_2, infiniplex_forest_end_3,
          infiniplex_forest_lined_ring, infiniplex_forest_lined_ring
D:3:      layout_rooms, nicolae_elevator_lobby_asterisk
D:4:      layout_basic
D:5:      kennysheep_spiral_hall, layout_loops_ring, lemuel_tele_altar,
          grunt_ministairs_2, st_stairs_12, minmay_misc_feat_rows,
          palyth_stone_intersect
D:6:      layout_basic, minmay_temple_entry_glassed_door, uniq_menkaure,
          uniq_sigmund, uniq_eustachio
D:7:      layout_basic, nicolae_dithmenos_through_a_glass_darkly,
          enter_bailey_4, lightli_minifort

Skill      XL: |  1  2  3  4  5  6 |
---------------+-------------------+-----
Unarmed Combat | 1 2 |  2.5
Stealth        | 2 3 |  3.4
Fighting       | 2 |  2.9
Dodging        | 3 |  3.7
Evocations     | 4 |  4.2
Short Blades   | 1 2 |  2.9
Shields        | 1 |  1.3
Spellcasting   | 1 |  1.2

Action                   |  1- 3 |  4- 6 |  7- 9 || total
-------------------------+-------+-------+-------++-------
Melee: Unarmed           |    75 |     8 |       ||    83
       Constrict         |    20 |    11 |     2 ||    33
       Tentacles         |    14 |    12 |     4 ||    30
       Punch             |     2 |     2 |       ||     4
       Short sword       |       |    40 |     5 ||    45
       Dagger            |       |       |     8 ||     8
Evoke: Wand              |       |    10 |     3 ||    13
  Use: Potion            |       |     1 |     5 ||     6
       Scroll            |       |       |     4 ||     4
 Stab: Sleeping          |     3 |     4 |       ||     7
Armor: Skin              |     8 |     1 |       ||     9
Dodge: Dodged            |    54 |    23 |    18 ||    95
Block: Buckler           |       |     2 |     5 ||     7

Table legend: (Time is in decaauts)
 A = Elapsed time spent in this place.
 B = Non-inter-level travel time spent in this place.
 C = Inter-level travel time spent in this place.
 D = Time resting spent in this place.
 E = Time spent auto-exploring this place.
 F = Levels seen in this place.
 G = Mean time per level.
                   A        B        C        D        E       F      G
               +--------+--------+--------+--------+--------+-----+--------+
         Total |   1529 |   1497 |     32 |      0 |    869 |   7 |  218.4 |
       Dungeon |   1529 |   1497 |     32 |      0 |    869 |   7 |  218.4 |
               +--------+--------+--------+--------+--------+-----+--------+

Top non-repeatable levels by time:
     D:2: 588 daAuts
     D:5: 492 daAuts
     D:1: 163 daAuts
     D:4: 122 daAuts
     D:3: 92 daAuts
     D:6: 47 daAuts
     D:7: 22 daAuts
